 Dungeon Crawl Stone Soup version 0.31-a0-233-g139696dc86 (webtiles) character file.

Game seed: 10745697560137118276

50 qw the Shooter (level 3, -2/29 HPs)
             Began as a Minotaur Hexslinger on July 7, 2023.
             Slain by Sigmund
             ... wielding a +0 scythe
              (12 damage)
             ... on level 2 of the Dungeon.
             The game lasted 00:00:25 (1117 turns).

qw the Shooter (Minotaur Hexslinger)                Turns: 1117, Time: 00:00:26

Health: -2/29      AC:  2    Str: 12    XL:     3   Next: 55%
Magic:  3/3        EV: 12    Int: 10    God:
Gold:   79         SH:  0    Dex: 14    Spells: 3/4 levels left

rFire   . . .        Y - +1 sling
rCold   . . .        (no shield)
rNeg    . . .        c - +0 robe
rPois   .            (helmet restricted)
rElec   .            (no cloak)
rCorr   .            (no gloves)
SInv    .            (no boots)
Will    .....        (no amulet)
Stlth   +            (no ring)
HPRegen 0.24/turn    (no ring)
MPRegen 0.08/turn

%: no passive effects
@: no status effects
A: horns 2, retaliatory headbutt
a: no special abilities


You were on level 2 of the Dungeon.
You visited 1 branch of the dungeon, and saw 2 of its levels.

You collected 79 gold pieces.


Innate Abilities, Weirdness & Mutations

You have a pair of horns on your head.
You reflexively headbutt those who attack you in melee.


   Skills:
 - Level 2.0 Fighting
 + Level 4.1 Ranged Weapons
 - Level 2.1 Dodging
 - Level 1.0 Spellcasting
 - Level 2.0 Hexes


You had 3 spell levels left.
You knew the following spells:

 Your Spells              Type           Power      Damage    Failure   Level
a - Slow                  Hex            16%        N/A       16%         1

Your spell library contained the following spells:

 Spells                   Type           Power      Damage    Failure   Level
 Inner Flame              Hex/Fire       2%         N/A       56%         3
 Portal Projectile        Hex/Tloc       4%         N/A       56%         3
 Cause Fear               Hex            2%         N/A       83%         4

Inventory:

Hand Weapons
 Y - a +1 sling (weapon)
Armour
 b - a +1 robe of willpower
 c - a +0 robe (worn)
Scrolls
 a - 3 scrolls of identify
Potions
 d - a potion of mutation {unknown}
 e - a potion of enlightenment {unknown}
 f - a potion of attraction {unknown}
 h - a potion of heal wounds {unknown}
 i - 2 potions of curing {unknown}
 j - a potion of berserk rage {unknown}

Dungeon Overview and Level Annotations

Branches:
Dungeon (2/15)

Altars:

Annotations:
D:2 Sigmund


Message History

Enter note:
Enter note:
Enter note:
Enter note:
Enter note:
Enter note:
Enter note:
Enter note:
Enter note:
Enter note: You shoot a sling bullet.
The sling bullet closely misses Sigmund.
You hear an angry hiss.
You hear a shout!
A ball python comes into view.
Sigmund breathes a few words.
Sigmund's hands start flickering wildly.
Sigmund misses you.
You shoot a sling bullet.
The sling bullet closely misses Sigmund.
The ball python barely misses you. x2
You shoot a sling bullet. The sling bullet hits the ball python.
You kill the ball python!
A goblin comes into view. It is wielding a +0 club.
Sigmund casts a spell at you. You resist with significant effort.
Sigmund hits you from afar with a +0 scythe.
You shoot a sling bullet.
The sling bullet closely misses the goblin.
The goblin hits you with a +0 club.
You shoot a sling bullet. The sling bullet hits the goblin.
The goblin is moderately wounded.
Sigmund hits you from afar with a +0 scythe!
The goblin hits you with a +0 club.
You shoot a sling bullet. The sling bullet hits the goblin.
You kill the goblin!
Sigmund hits you from afar with a +0 scythe.
You shoot a sling bullet. The sling bullet hits Sigmund.
Sigmund is lightly wounded.
Sigmund hits you from afar with a +0 scythe!
You die...

#................<#
#.#################
#.#.#.#...#.#.# #########
#.##.#..).)#.##
#.......#####.#.#..#.#%.#.#
..............##..##.##..##
#.......####..#..##...##..#
#..........#..#.##.....##.#
#........#.#..#.@##...##..#
#........#....##).##.##..##
#.........###.#@#..###..#.#
#.............## #..#..#.##
#.............# #...#.#.#
###.###......#######.######
.................>#..#
#######.....#####...##
#.....# #.###


You could see Sigmund.

Vanquished Creatures
  2 worms (D:2)
  2 dart slugs (D:2)
  6 ball pythons
  4 bats
  3 endoplasms
  2 giant cockroaches
  4 hobgoblins
  A quokka (D:2)
  3 frilled lizards
  5 goblins
  4 kobolds
  3 rats (D:2)
39 creatures vanquished.

Notes
Turn   | Place    | Note
-------+----------+-------------------------------------------
     0 | D:1      | qw the Minotaur Hexslinger began the quest for the Orb.
     0 | D:1      | Reached XP level 1. HP: 16/16 MP: 1/1
     0 | D:1      | 0 ||| qw: Version: 0.3-a-46-gb1f654a
     0 | D:1      | 0 ||| qw: Game counter: 3291
     0 | D:1      | 0 ||| qw: Melee chars always use a shield: true
     0 | D:1      | 0 ||| qw: God list: Okawaru
     0 | D:1      | 0 ||| qw: Allow faded altars: false
     0 | D:1      | 0 ||| qw: Do Orc after clearing Dungeon:15 true
     0 | D:1      | 0 ||| qw: Do second Lair branch before Depths: true
     0 | D:1      | 0 ||| qw: Lair rune preference: random
     0 | D:1      | 0 ||| qw: Goals: Normal
     0 | D:1      | 0 ||| PLANNING D:1-11
   156 | D:1      | Found a faded altar of an unknown god.
   207 | D:1      | Reached skill level 3 in Ranged Weapons
   267 | D:1      | Reached XP level 2. HP: 23/23 MP: 2/2
   525 | D:1      | 525 ||| READING 2 scrolls labelled MOCUYG EKOA.
   526 | D:1      | 526 ||| READING scroll labelled SELIHYNOHI.
   527 | D:1      | 527 ||| DROPPING scroll of poison.
   698 | D:2      | Reached XP level 3. HP: 29/29 MP: 3/3
  1048 | D:2      | Reached skill level 4 in Ranged Weapons
  1110 | D:2      | Noticed Sigmund
  1117 | D:2      | Slain by Sigmund

Levels and vault maps discovered:
D:1:      spicycebolla_arrival_clurvy, layout_loops_ring,
          shapermc_ecumenical_altar_acropolis
D:2:      minmay_diamond_boxcup, layout_basic, uniq_sigmund

Skill      XL: |  1  2  3 |
---------------+----------+-----
Ranged Weapons | 3 4 |  4.1
Fighting       | 2 |  2.0
Dodging        | |  2.1
Spellcasting   | |  1.0
Hexes          | |  2.0

Action                     || total
---------------------------++-------
   Fire: Sling             ||   101
    Use: Scroll            ||     2
 Armour: Robe              ||     9
  Dodge: Dodged            ||    23

Table legend:
 A = Non-vault XP
 B = Vault XP
 C = Vault XP percentage of total XP
 D = Non-vault monster count
 E = Vault monster count
 F = Vault count percentage of total count
                 A         B        C        D         E       F
            +---------+---------+-------+---------+---------+-------
      Total |      57 |      15 |  20.8 |      29 |      10 |  25.6
            +---------+---------+-------+---------+---------+-------
        D:1 |      16 |       0 |   0.0 |      10 |       0 |   0.0
        D:2 |      41 |      15 |  26.8 |      19 |      10 |  34.5
            +---------+---------+-------+---------+---------+-------
